 Dungeon Crawl Stone Soup version 0.19.1 (webtiles) character file.

41 juanjsm the Sneak (level 3, -1/17 HPs)
             Began as a Spriggan Enchanter on Dec 6, 2016.
             Was an Initiate of Okawaru.
             Slain by a worm (9 damage)
             ... on level 2 of the Dungeon.
             The game lasted 00:05:33 (1438 turns).

juanjsm the Sneak (Spriggan Enchanter)              Turns: 1438, Time: 00:05:34

Health: -1/17      AC:  3    Str:  4    XL:     3   Next: 32%
Magic:  1/8        EV: 19    Int: 18    God:    Okawaru [......]
Gold:   63         SH:  0    Dex: 17    Spells: 3 memorised, 2 levels left

rFire  . . .     SeeInvis +     a - +1 dagger
rCold  . . .     Gourm    .     b - +1 robe
rNeg   . . .     Faith    .     (shield restricted)
rPois  .         Spirit   .     (helmet restricted)
rElec  .         Reflect  .     (no cloak)
rCorr  .         Harm     .     (gloves unavailable)
MR     .....                    (boots unavailable)
Stlth  +++.......               (no amulet)
                                (no ring)
                                i - +2 ring of intelligence

@: very slightly contaminated, very quick
A: unfitting armour, see invisible, herbivore 3, speed 3, slow metabolism 2
a: Renounce Religion


You were on level 2 of the Dungeon.
You worshipped Okawaru.
Okawaru was noncommittal.
You were not hungry.

You visited 1 branch of the dungeon, and saw 2 of its levels.

You collected 63 gold pieces.

Inventory:

Hand Weapons
 a - a +1 dagger (weapon)
Armour
 b - a +1 robe (worn)
Jewellery
 i - a +2 ring of intelligence (left hand)
Scrolls
 e - a scroll of immolation {unknown}
 f - a scroll of fear {unknown}
 g - a scroll of enchant weapon {unknown}
 j - a scroll of fog {unknown}
 k - a scroll of identify {unknown}
Potions
 h - a potion of resistance {unknown}
Books
 c - a book of Maledictions

   Spells                             Type                      Level
   a - Corona                         Hexes                        1
   b - Ensorcelled Hibernation        Hexes/Ice                    2
   c - Confuse                        Hexes                        3
   d - Tukima's Dance                 Hexes                        3
   e - Dazzling Spray                 Conjuration/Hexes            3
Comestibles
 d - a bread ration


   Skills:
 + Level 0.4 Fighting
 + Level 1.5 Short Blades
 + Level 3.6 Dodging
 + Level 4.9 Stealth
 + Level 3.1 Spellcasting
 + Level 4.0 Hexes


You had 2 spell levels left.
You knew the following spells:

 Your Spells              Type           Power        Failure   Level  Hunger
a - Corona                Hex            ###....      3%          1    None
b - Ensorcelled Hibernat  Hex/Ice        ##....       12%         2    ##.....
c - Confuse               Hex            ###.....     12%         3    ###....


Dungeon Overview and Level Annotations

Branches:
Dungeon (2/15)

Altars:
Okawaru


Innate Abilities, Weirdness & Mutations

You are very small and have problems with some larger weapons.
You are too small for most types of armour.
You have supernaturally acute eyesight. (SInv)
You are a herbivore.
You cover ground extremely quickly.
You need consume almost no food.


Message History

You hit the worm.
The worm is moderately wounded.
You hit the worm.
The worm is heavily wounded.
The worm bites you.
You hit the worm.
The worm is heavily wounded.
You barely miss the worm.
The worm is heavily wounded.
The worm barely misses you.
You hit the worm.
The worm is severely wounded.
You hit the worm.
The worm is almost dead.
The worm misses you.
You hit the worm.
The worm is almost dead.
The worm bites you!
Ouch! That really hurt!
You die...

##.##†##
#.........####......##
+.........+.......#...
.........####......##
....... #...#†##.##
..... #.###..#..# ...
##.#....##.# #w#
#.....#...## #@#
#..##....#.#
##.###.#####...#..###.#
#............#..##.#...#
....##...##.###......###
#. #......## ##...###
##...##.###.####
##.####.#.## ### ##.##
###


You could see a worm.

Vanquished Creatures
  An ooze (D:1)
  An adder zombie (D:1)
  3 dart slugs (D:1)
  2 leopard geckos
  2 giant cockroaches
  3 goblins
  2 hobgoblins (D:1)
  2 ball pythons
  A ball python zombie (D:1)
  8 bats
  A kobold (D:2)
  A rat (D:1)
27 creatures vanquished.

Notes
Turn   | Place    | Note
-------+----------+-------------------------------------------
     0 | D:1      | juanjsm the Spriggan Enchanter began the quest for the Orb.
     0 | D:1      | Reached XP level 1. HP: 9/9 MP: 5/5
   205 | D:1      | Reached XP level 2. HP: 9/13 MP: 5/7
   215 | D:1      | Learned a level 2 spell: Ensorcelled Hibernation
   311 | D:1      | Found an iron altar of Okawaru.
   534 | D:1      | Became a worshipper of Warmaster Okawaru
   867 | D:1      | Reached XP level 3. HP: 17/17 MP: 3/8
   872 | D:1      | Learned a level 3 spell: Confuse
  1438 | D:2      | Slain by a worm

Skill      XL: |  1  2  3 |
---------------+----------+-----
Spellcasting   | 3 |  3.1
Hexes          | 4 |  4.0
Fighting       | |  0.4
Short Blades   | |  1.5
Dodging        | |  3.6
Stealth        | |  4.9

Action                   || total
-------------------------++-------
Melee: Dagger            ||   128
 Cast: Corona            ||     7
       Ensorcelled Hiber ||    19
 Stab: Sleeping          ||    17
Armor: Robe              ||    23
Dodge: Dodged            ||   107
